 Dungeon Crawl Stone Soup version 0.23.2-30-g0e89c35649 (webtiles) character file.

Game seed: 9263507329667044927

12031 HammerPanzer the Bludgeoner (level 11, -1/156 HPs)
             Began as a Minotaur Berserker on June 8, 2019.
             Was a High Priest of Trog.
             Succumbed to a meliai's poison
             ... on level 11 of the Dungeon.
             The game lasted 00:37:41 (10998 turns).

HammerPanzer the Bludgeoner (Minotaur Berserker)   Turns: 10998, Time: 00:37:42

Health: -1/156     AC: 10    Str: 32    XL:     11   Next: 57%
Magic:  10/10      EV: 11    Int:  5    God:    Trog [*****.]
Gold:   622        SH:  0    Dex: 14    Spells: 10/10 levels left

rFire    + . .     SeeInvis +   L - +9 morningstar "Ygafown" {pain, rF+ Dex+5}
rCold    . . .     Gourm    .   (no shield)
rNeg     . . .     Faith    .   f - +0 scale mail "Gamp" {Str+4 Dex-5 SInv} (curse)
rPois    .         Spirit   .   (helmet restricted)
rElec    .         Reflect  .   x - +0 cloak
rCorr    .         Harm     .   A - +0 pair of gloves
MR       +....                  B - +1 pair of boots
Stlth    ..........             (no amulet)
HPRegen  0.36/turn              y - +3 ring of dexterity
MPRegen  0.12/turn              n - ring of protection from magic

@: berserking (expiring), lethally poisoned (-1 -> -24), very quick
A: retaliatory headbutt, horns 2
a: Berserk, Trog's Hand, Brothers in Arms, Renounce Religion


You were on level 11 of the Dungeon.
You worshipped Trog.
Trog was extremely pleased with you.
You were near starving.

You visited 1 branch of the dungeon, and saw 12 of its levels.
You also visited: Ossuary and Bailey.

You collected 622 gold pieces.

Inventory:

Hand Weapons
 d - a +2 scythe of freezing
 L - the +9 morningstar "Ygafown" (weapon) {pain, rF+ Dex+5}
   (You found it on level 10 of the Dungeon)

   In the hands of one skilled in necromantic magic, it inflicts extra damage on
   living creatures.
   It affects your dexterity (+5).
   It protects you from fire.
 Q - a +4 glaive of flaming
Missiles
 G - 27 tomahawks (quivered)
Armour
 f - the cursed +0 scale mail "Gamp" (worn) {Str+4 Dex-5 SInv}
   (You found it on level 7 of the Dungeon)

   It affects your strength (+4).
   It affects your dexterity (-5).
   It lets you see invisible.
   It has a curse placed upon it.
 l - a +1 chain mail
 x - a +0 cloak (worn)
 A - a +0 pair of gloves (worn)
 B - a +1 pair of boots (worn)
Jewellery
 n - a ring of protection from magic (right hand)
 v - an uncursed ring of positive energy
 y - a +3 ring of dexterity (left hand)
Wands
 a - a wand of disintegration (16)
 p - a wand of acid (17)
 s - a wand of scattershot (7)
 C - a wand of flame (40)
 D - a wand of paralysis (6)
 F - a wand of polymorph (9)
 N - a wand of iceblast (11)
 O - a wand of digging (6)
Scrolls
 b - 10 scrolls of teleportation
 i - 7 scrolls of remove curse
 m - 3 scrolls of fog
 q - 3 scrolls of blinking
 r - a scroll of amnesia {unknown}
 J - a scroll of magic mapping
 K - 2 scrolls of enchant armour
 M - 2 scrolls of enchant weapon
 R - a scroll of identify
Potions
 e - a potion of heal wounds
 g - 4 potions of agility
 h - a potion of might
 j - 3 potions of haste
 o - 4 potions of flight
 t - 5 potions of brilliance
 u - a potion of invisibility
 w - 4 potions of lignification
 z - a potion of ambrosia
 I - a potion of curing
Comestibles
 c - 20 rations


   Skills:
 + Level 12.1 Fighting
 * Level 16.0 Maces & Flails
 + Level 8.6 Polearms
 - Level 2.4 Armour
 - Level 2.1 Dodging


You had 10 spell levels left.
You didn't know any spells.
Your spell library was empty.

Dungeon Overview and Level Annotations

Branches:
Dungeon (12/15)            Temple (0/1) D:5            Lair (0/6) D:9
    Orc: D:9-12

Altars:
Ashenzari
Cheibriados
Dithmenos
Elyvilon
Fedhas
Gozag
Makhleb
Nemelex Xobeh
Qazlal
Trog
Uskayaw
Vehumet
Wu Jian
Zin

Shops:
D:8 :

Annotations:
D:7 1 runed translucent door, exclusion: orange crystal statue


Innate Abilities, Weirdness & Mutations

You reflexively headbutt those who attack you in melee.
You have a pair of horns on your head.


Message History

Something smites you!
* * * LOW HITPOINT WARNING * * *
The meliai barely misses you.
The meliai stings you but does no damage.
The meliai mumbles some strange prayers to its god against you.
Something smites you!
* * * LOW HITPOINT WARNING * * *
The meliai barely misses you. You furiously retaliate!
You headbutt the meliai! The meliai stings you.
* * * LOW HITPOINT WARNING * * *
You are more poisoned.
The meliai poisons you!
You feel your anger nearly subside.
* * * LOW HITPOINT WARNING * * *
You feel sick.
You crush the meliai like a grape!!!
You kill the meliai!
Trog accepts your kill.
Your Maces & Flails skill increases to level 16!
You die...

#.####..>..###.####..........
#.##........#...[##..##.###.#
#.##.#.###....##.##..##.# #.#
#.##.#.# #....##.##..##.# #.#
#.##.#.# #....##.##.^##.# #.#
#####.##.#.# #.#..##.##..##.# #.#
...........# #.#..##.##..##.# #.#
##.#######.# #....##.##..##.###.#
#..### #.# ###@...........##.#.
#....## #.# ###)###.##..#..#.###
#..#..## #.# #..yy.......#...## #
#......# #.###.#>........#.##.###
#(..)..###.[.......#(#####.###.#.
...)∩)..##...........# #.....>#
....)......##..._...## ########
.......#######.....## #...
.......# #.....# #.##


You could see 2 meliai.

Vanquished Creatures
  Harold (D:8)
  Erolcha (D:9)
  A two-headed ogre (D:8)
  2 unseen horrors
  Pikel (D:6)
  An ugly thing (D:11)
  Joseph (D:8)
  2 cyclopes (D:11)
  A guardian serpent (D:10)
  A meliai (D:11)
  A hippogriff (D:11)
  A hornet (D:9)
  Sigmund (D:6)
  A vampire (D:9)
  6 yaks (D:11)
  Eustachio (D:6)
  3 wargs (D:9)
  8 orc warriors
  5 sky beasts
  2 black bears
  2 ice beasts
  A phantom (D:8)
  4 ogres
  5 centaurs
  3 bullfrogs
  3 water moccasin zombies (Ossuary)
  A scorpion (D:5)
  3 howler monkeys
  A centaur zombie (D:11)
  A crimson imp (D:8)
  A quasit (D:10)
  3 hounds
  A jelly (D:11)
  6 orc priests
  Crazy Yiuf (D:3)
  2 centaur skeletons
  Terence (D:3)
  A bullfrog skeleton (D:4)
  5 iguanas
  8 orc wizards
  6 worker ants
  2 killer bee zombies
  5 big kobold zombies (Ossuary)
  2 mummies (Ossuary)
  A worker ant zombie (D:11)
  5 adders
  5 gnolls
  2 shadow imps
  An ooze (D:4)
  3 adder skeletons
  2 adder zombies (Ossuary)
  A worm (D:2)
  A dart slug (D:2)
  5 leopard geckos
  21 orcs
  8 giant cockroaches
  6 gnoll zombies (Ossuary)
  5 hobgoblins
  7 jackals
  4 kobolds
  4 quokkas
  3 ball pythons
  8 bats
  9 frilled lizards
  7 goblins
  A goblin zombie (D:7)
  5 hobgoblin zombies (Ossuary)
  4 kobold zombies (Ossuary)
  7 orc zombies (Ossuary)
  11 rats
  A rat zombie (D:7)
246 creatures vanquished.

Vanquished Creatures (others)
  A hound (D:6)
1 creature vanquished.

Grand Total: 247 creatures vanquished

Notes
Turn   | Place    | Note
-------+----------+-------------------------------------------
     0 | D:1      | HammerPanzer the Minotaur Berserker began the quest for the
                  | Orb.
     0 | D:1      | Reached XP level 1. HP: 19/19 MP: 0/0
    24 | D:1      | Reached skill level 4 in Maces & Flails
    37 | D:1      | Reached XP level 2. HP: 18/27 MP: 1/1
   439 | D:1      | Reached XP level 3. HP: 33/33 MP: 2/2
   720 | D:1      | Reached ** piety under Trog
   906 | D:2      | Reached skill level 5 in Maces & Flails
  1106 | D:2      | Reached XP level 4. HP: 41/41 MP: 3/3
  1254 | D:2      | Found an opulent altar of Gozag.
  1723 | D:3      | Found a radiant altar of Vehumet.
  2014 | D:3      | Found a runed translucent door.
  2015 | D:3      | Noticed Crazy Yiuf
  2021 | D:3      | Killed Crazy Yiuf
  2021 | D:3      | Reached *** piety under Trog
  2090 | D:3      | Found a shadowy altar of Dithmenos.
  2098 | D:3      | Found a blossoming altar of Fedhas.
  2127 | D:3      | Noticed Terence
  2132 | D:3      | Killed Terence
  2132 | D:3      | Reached skill level 6 in Maces & Flails
  2132 | D:3      | Reached XP level 5. HP: 47/47 MP: 4/4
  2191 | D:3      | Reached skill level 5 in Fighting
  2298 | D:4      | Noticed an ogre
  2312 | D:4      | Killed an ogre
  2592 | D:4      | Found a burning altar of Makhleb.
  2609 | D:4      | Reached skill level 7 in Maces & Flails
  2609 | D:4      | Reached XP level 6. HP: 48/56 MP: 5/5
  3170 | D:5      | Entered Level 5 of the Dungeon
  3258 | D:5      | Noticed an ice beast
  3268 | D:5      | Killed an ice beast
  3268 | D:5      | Reached skill level 8 in Maces & Flails
  3276 | D:5      | Reached XP level 7. HP: 56/63 MP: 6/6
  3290 | D:5      | Found a staircase to the Ecumenical Temple.
  3896 | D:6      | Reached skill level 9 in Maces & Flails
  4067 | D:6      | Found a snail-covered altar of Cheibriados.
  4100 | D:6      | Reached XP level 8. HP: 70/73 MP: 7/7
  4138 | D:6      | Noticed Pikel
  4149 | D:6      | Killed Pikel
  4149 | D:6      | Reached skill level 10 in Maces & Flails
  4339 | D:6      | Reached skill level 11 in Maces & Flails
  4606 | D:6      | Reached **** piety under Trog
  4606 | D:6      | Noticed Eustachio
  4614 | D:6      | Killed Eustachio
  4676 | D:6      | Noticed Sigmund
  4769 | D:6      | Killed Sigmund
  4769 | D:6      | Reached XP level 9. HP: 82/82 MP: 8/8
  4827 | D:7      | Got a faintly glowing scale mail
  4867 | D:7      | Found a sand-covered staircase.
  4874 | Ossuary  | Entered an ossuary
  4950 | Ossuary  | Reached skill level 1 in Polearms
  5000 | Ossuary  | Reached skill level 12 in Maces & Flails
  5030 | Ossuary  | Reached ***** piety under Trog
  5099 | Ossuary  | Identified the cursed +0 scale mail "Gamp" {Str+4 Dex-5
                  | SInv} (You found it on level 7 of the Dungeon)
  5143 | D:7      | Found the +10 large shield of Ignorance {rN+ Int-4}
  5148 | D:7      | Found a runed translucent door.
  5439 | D:7      | Found a white marble altar of Elyvilon.
  5475 | D:7      | Found a shattered altar of Ashenzari.
  5479 | D:7      | Found an ornate altar of the Wu Jian Council.
  5551 | D:7      | Found a hide-covered altar of Uskayaw.
  5663 | D:7      | Found a runed translucent door.
  5663 | D:7      | Noticed an orange crystal statue
  5882 | D:7      | Found a glowing silver altar of Zin.
  6156 | D:8      | Noticed Joseph
  6162 | D:8      | Killed Joseph
  6162 | D:8      | Reached skill level 13 in Maces & Flails
  6275 | D:8      | Noticed Harold
  6286 | D:8      | Killed Harold
  6286 | D:8      | Reached skill level 10 in Fighting
  6286 | D:8      | Reached XP level 10. HP: 93/93 MP: 9/9
  6299 | D:8      | Reached skill level 5 in Polearms
  6464 | D:8      | Found Bumus's Book Boutique.
  6477 | D:8      | Noticed a two-headed ogre
  6482 | D:8      | Killed a two-headed ogre
  6484 | D:8      | Reached skill level 14 in Maces & Flails
  6930 | D:10     | Entered Level 10 of the Dungeon
  7132 | D:9      | Noticed Erolcha
  7145 | D:9      | Killed Erolcha
  7150 | D:9      | Received a gift from Trog
  7153 | D:9      | Found a staircase to the Lair.
  7678 | D:9      | Found a sparkling altar of Nemelex Xobeh.
  7838 | D:9      | Found a stormy altar of Qazlal.
  8229 | D:10     | Noticed a guardian serpent
  8255 | D:10     | Killed a guardian serpent
  8591 | D:10     | Noticed an unseen horror
  8597 | D:10     | Killed an unseen horror
  8597 | D:10     | Reached skill level 15 in Maces & Flails
  8597 | D:10     | Reached XP level 11. HP: 92/102 MP: 10/10
  8687 | D:10     | Got an ancient morningstar
  9585 | D:10     | Identified the +9 morningstar "Ygafown" {pain, rF+ Dex+5}
                  | (You found it on level 10 of the Dungeon)
  9653 | D:11     | Found a bloodstained altar of Trog.
  9667 | D:11     | Found a flagged portal.
  9685 | Bailey   | Entered a bailey
  9688 | Bailey   | Noticed an orc knight
 10117 | D:11     | Noticed a white ugly thing
 10127 | D:11     | Killed a white ugly thing
 10503 | D:11     | Noticed an unseen horror
 10508 | D:11     | Killed an unseen horror
 10996 | D:11     | HP: 4/156 [meliai/divine providence (11)]
 10997 | D:11     | HP: 1/156 [poisoned by a meliai]
 10998 | D:11     | Reached skill level 16 in Maces & Flails
 10998 | D:11     | Succumbed to a meliai's poison

Skill      XL: |  1  2  3  4  5  6  7  8  9 10 11 |
---------------+----------------------------------+-----
Maces & Flails | 4 5 6 7 8 9 11 13 15 16 | 16.0
Fighting       | 4 5 6 7 8 10 11 12 | 12.1
Polearms       | 4 7 8 |  8.6
Armour         | |  2.4
Dodging        | |  2.1

Action                   |  1- 3 |  4- 6 |  7- 9 | 10-12 || total
-------------------------+-------+-------+-------+-------++-------
Melee: Mace              |    92 |   112 |   106 |       ||   310
       Headbutt          |     9 |    18 |    62 |    52 ||   141
       Flail             |       |       |   119 |       ||   119
       Morningstar       |       |       |    40 |   223 ||   263
Throw: Javelin           |       |       |       |     3 ||     3
Invok: Berserk           |       |     2 |     8 |     6 ||    16
  Use: Scroll            |       |     6 |    16 |     5 ||    27
       Potion            |       |       |       |     7 ||     7
 Stab: Distracted        |       |     1 |       |       ||     1
  Eat: Chunk             |     1 |     7 |    17 |    13 ||    38
       Ration            |       |       |       |     2 ||     2
Armor: Animal skin       |     2 |       |       |       ||     2
       Ring mail         |     9 |       |       |       ||     9
       Chain mail        |    42 |    62 |    92 |       ||   196
       Scale mail        |       |       |    26 |    65 ||    91
Dodge: Dodged            |    59 |    56 |   111 |    96 ||   322
